 Dungeon Crawl Stone Soup version 0.19-a0-1714-gcab94ab (webtiles) character file.

16 st0uf the Digger (level 2, 0/18 HPs)
             Began as an Octopode Earth Elementalist on Sept 28, 2016.
             Slain by a kobold
             ... wielding a +0 whip of holy wrath
              (5 damage)
             ... on level 1 of the Dungeon.
             The game lasted 00:03:46 (556 turns).

st0uf the Digger (Octopode Earth Elementalist)       Turns: 556, Time: 00:03:47

Health: 0/18       AC:  2    Str:  7    XL:     2   Next: 58%
Magic:  3/5        EV: 13    Int: 17    God:
Gold:   29         SH:  0    Dex: 12    Spells: 1 memorised, 4 levels left

rFire  . . .     SeeInvis .     b - 60 stones
rCold  . . .     Gourm    .     (no shield)
rNeg   . . .     Faith    .     (helmet restricted)
rPois  .         Spirit   .     (no amulet)
rElec  .         Dismiss  .     (no ring)
rCorr  .         Reflect  .     (no ring)
MR     .....     Harm     .     (no ring)
Stlth  +++.......               (no ring)
                                (no ring)
                                (no ring)
                                (no ring)
                                (no ring)

@: very slightly contaminated
A: almost no armour, stealthy swim, amphibious, 8 rings, constrict 8, camouflage
1, gelatinous body 1
a: no special abilities


You were on level 1 of the Dungeon.
You were not hungry.

You visited 1 branch of the dungeon, and saw 1 of its levels.

You collected 29 gold pieces.

Inventory:

Missiles
 b - 60 stones (in tentacle)
Scrolls
 h - 2 scrolls of remove curse {unknown}
 i - a scroll of identify {unknown}
Potions
 a - a potion of agility {unknown}
 e - a potion of flight {unknown}
 g - a potion of curing {unknown}
 k - a potion of heal wounds {unknown}
Books
 d - a book of Geomancy

   Spells                             Type                      Level
   a - Sandblast                      Earth                        1
   b - Passwall                       Transmutation/Earth          2
   c - Stone Arrow                    Conjuration/Earth            3
   d - Petrify                        Transmutation/Earth          4
   e - Lee's Rapid Deconstruction     Earth                        5
Comestibles
 c - 2 bread rations
 f - a chunk of flesh
 j - a beef jerky


   Skills:
 + Level 0.6 Fighting
 + Level 2.0 Dodging
 + Level 2.8 Stealth
 + Level 1.0 Unarmed Combat
 * Level 2.2 Spellcasting
   Level 1.0 Transmutations
 * Level 3.1 Earth Magic


You had 4 spell levels left.
You knew the following spells:

 Your Spells              Type           Power        Failure   Level  Hunger
a - Sandblast             Erth           ##....       6%          1    #......


Dungeon Overview and Level Annotations

Branches:
Dungeon (1/15)

Altars:


Innate Abilities, Weirdness & Mutations

You cannot wear most types of armour.
You are very stealthy in the water.
You are amphibious.
You can wear up to eight rings at the same time.
You can use your tentacles to constrict eight enemies at once.
Your skin changes colour to match your surroundings (Stealth+).
Your rubbery body absorbs attacks. (AC +1, EV +1)


Message History

b - 61 stones (in tentacle)
The kobold hits you with a whip of holy wrath.
* * * LOW HITPOINT WARNING * * *
Casting: Sandblast
Confirm with . or Enter, or press ? or * to list all spells.
Aiming: Sandblast
Press: ? - help, Shift-Dir - straight line, f - kobold
Aim: a kobold, wielding a whip of holy wrath You miscast Sandblast.
You are very lightly contaminated with residual magic.
Nothing appears to happen.
The kobold misses you.
Casting: Sandblast
Confirm with . or Enter, or press ? or * to list all spells.
Aiming: Sandblast
Press: ? - help, Shift-Dir - straight line, f/p - kobold
Aim: a kobold, wielding a whip of holy wrath The rocky blast hits the kobold.
The kobold is heavily wounded.
The kobold hits you with a whip of holy wrath.
You die...

#####.#######..#
#.....^........#
#.###.########.# #.# #.#
#.##### #.#
#.########...... #.#
#..........#####
#########.# ##########.#
...r....$.############.#
#.#......bK@.........>.#
#...####################
###


You could see a bat and a kobold.

Vanquished Creatures
  An ooze (D:1)
  A leopard gecko (D:1)
  A giant cockroach (D:1)
  A goblin (D:1)
  A ball python (D:1)
  2 bats (D:1)
  3 frilled lizards (D:1)
  3 kobolds (D:1)
  A rat (D:1)
14 creatures vanquished.

Notes
Turn   | Place    | Note
-------+----------+-------------------------------------------
     0 | D:1      | st0uf the Octopode Earth Elementalist began the quest for the Orb.
     0 | D:1      | Reached XP level 1. HP: 11/11 MP: 3/3
   324 | D:1      | Reached XP level 2. HP: 16/18 MP: 5/5
   370 | D:1      | Reached skill level 1 in Unarmed Combat
   556 | D:1      | Slain by a kobold

Vault maps used:
D:1:      moated_graveyard_arrival

Skill      XL: |  1  2 |
---------------+-------+-----
Unarmed Combat | 1 |  1.0
Fighting       | |  0.6
Dodging        | |  2.0
Stealth        | |  2.8
Spellcasting   | |  2.2
Transmutations | |  1.0
Earth Magic    | |  3.1

Action                   || total
-------------------------++-------
Melee: Unarmed           ||    21
       Constrict         ||     6
       Tentacles         ||     2
 Cast: Sandblast         ||    11
 Stab: Sleeping          ||     6
Armor: Skin              ||     3
Dodge: Dodged            ||    35
